 Dungeon Crawl Stone Soup version 0.29.0-4-gdea44cf6ec (webtiles) character file.

Game seed: 10148360963455818070

119 qw the Caller (level 5, -3/41 HPs)
             Began as a Ghoul Summoner on Sept 9, 2022.
             Killed from afar by Robin (7 damage)
             ... with a puff of flame
             ... on level 3 of the Dungeon.
             The game lasted 00:01:23 (3431 turns).

qw the Caller (Ghoul Summoner)                      Turns: 3431, Time: 00:01:23

Health: -3/41      AC:  5    Str: 14    XL:     5   Next: 3%
Magic:  2/6        EV: 10    Int: 10    God:
Gold:   165        SH:  0    Dex:  9    Spells: 6/7 levels left

rFire   . . .      SeeInvis .   Y - +2 whip (venom)
rCold   + . .      Faith    .   (no shield)
rNeg    + + +      Spirit   .   c - +0 ring mail
rPois   inf        Reflect  .   (no helmet)
rElec   .          Harm     .   (no cloak)
rCorr   .          Rampage  .   (no gloves)
Will    .....                   (no boots)
Stlth   +.........              (no amulet)
HPRegen 0.00/turn               (no ring)
MPRegen 0.10/turn               (no ring)

@: inhibited regen
A: claws 1, cold resistance 1, negative energy resistance 3, inhibited
regeneration, torment resistance 2, devour on kill
a: no special abilities


You were on level 3 of the Dungeon.
You visited 1 branch of the dungeon, and saw 3 of its levels.

You collected 165 gold pieces.


Innate Abilities, Weirdness & Mutations

You are immune to poison.
You have sharp fingernails.
Your flesh is cold resistant. (rC+)
You are immune to negative energy. (rN+++)
You do not regenerate when monsters are visible.
You are immune to unholy pain and torment.
You thrive by killing the living.


   Skills:
 - Level 2.0 Fighting
 + Level 3.5 Axes
 - Level 1.7 Dodging
 - Level 2.1 Stealth
 - Level 1.7 Spellcasting
 - Level 3.6 Summonings


You had 6 spell levels left.
You knew the following spells:

 Your Spells              Type           Power      Damage    Failure   Level
a - Summon Small Mammal   Summ           32%        N/A       16%         1

Your spell library contained the following spells:

 Spells                   Type           Power      Damage    Failure   Level
 Call Imp                 Summ           8%         N/A       22%         2
 Call Canine Familiar     Summ           8%         N/A       41%         3
 Summon Guardian Golem    Hex/Summ       4%         N/A       67%         3
 Summon Lightning Spire   Summ/Air       4%         N/A       97%         4

Inventory:

Hand Weapons
 Y - a +2 whip of venom (weapon)
Armour
 c - a +0 ring mail (worn)
Jewellery
 d - a ring of fire
 f - a +6 ring of dexterity
Scrolls
 e - a scroll of torment {unknown}
Potions
 a - a potion of degeneration {unknown}
 g - 2 potions of curing {unknown}

Dungeon Overview and Level Annotations

Branches:
Dungeon (3/15)

Altars:
Xom

Shops:
D:1 !

Annotations:
D:3 Robin


Message History

Your bat hits Terence but does no damage.
Terence closely misses your bat.
You closely miss Terence.
Terence is almost dead.
Your bat hits Terence but does no damage.
You kill Terence!
Your bat hits the hobgoblin but does no damage.
The hobgoblin barely misses your bat.
You have reached level 5!
You feel stronger.
3412 ||| CASTING Summon Small Mammal
Casting: Summon Small Mammal (safe; 16% risk of failure)
Confirm with . or Enter, or press ? or * to list all spells.
The hobgoblin no longer looks unusually strong.
Your bat disappears in a puff of smoke!
Your rat bites the hobgoblin but does no damage.
Your rat closely misses the hobgoblin.
Your rat bites the hobgoblin but does no damage.
The hobgoblin barely misses your rat.
Your rat bites the hobgoblin but does no damage.
Your rat closely misses the hobgoblin.
The hobgoblin hits your rat.
Your rat bites the hobgoblin.
Your rat barely misses the hobgoblin.
The hobgoblin hits your rat.
Your rat dies!
Your rat's corpse disappears in a puff of smoke!
Your rat bites the hobgoblin.
You hit the hobgoblin.
The hobgoblin is heavily wounded.
The hobgoblin hits you.
Your rat bites the hobgoblin but does no damage.
You barely miss the hobgoblin.
The hobgoblin is heavily wounded.
The hobgoblin hits you.
Your rat bites the hobgoblin.
You hit the hobgoblin.
You kill the hobgoblin!
You start resting.
Your rat disappears in a puff of smoke!
Robin is nearby!
Robin zaps a wand.
The puff of flame hits you!
You die...

....?....
#.............#
#.........g...#
.............#
............# #
#..........
#.####..........
.......)........
........@.#
..........#
#+#########


You could see Robin.

Vanquished Creatures
  Terence (D:3)
  4 adders
  A worm (D:3)
  2 bats
  4 endoplasms
  A giant cockroach (D:2)
  13 goblins
  5 hobgoblins
  2 quokkas
  3 ball pythons (D:1)
  A frilled lizard (D:1)
  2 kobolds (D:1)
39 creatures vanquished.

Vanquished Creatures (collateral kills)
  3 endoplasms
  A giant cockroach (D:2)
  A quokka (D:1)
  2 ball pythons
  2 bats (D:1)
  A kobold (D:1)
  2 rats (D:1)
12 creatures vanquished.

Grand Total: 51 creatures vanquished

Notes
Turn   | Place    | Note
-------+----------+-------------------------------------------
     0 | D:1      | qw the Ghoul Summoner began the quest for the Orb.
     0 | D:1      | Reached XP level 1. HP: 14/14 MP: 2/2
     0 | D:1      | 0 ||| qw: Version: 0.1-a-113-g051387a
     0 | D:1      | 0 ||| qw: Game counter: 7159
     0 | D:1      | 0 ||| qw: Always use a shield: true
     0 | D:1      | 0 ||| qw: God list: Okawaru
     0 | D:1      | 0 ||| qw: Allow faded altars: false
     0 | D:1      | 0 ||| qw: Do Orc after D:15 true
     0 | D:1      | 0 ||| qw: Do second Lair branch before Depths: true
     0 | D:1      | 0 ||| qw: Lair rune preference: random
     0 | D:1      | 0 ||| qw: Plans: Normal
     0 | D:1      | 0 ||| PLANNING D:1-11
     4 | D:1      | 4 ||| CASTING Summon Small Mammal
     5 | D:1      | 5 ||| CASTING Summon Small Mammal
    38 | D:1      | 38 ||| CASTING Summon Small Mammal
    39 | D:1      | 39 ||| CASTING Summon Small Mammal
    51 | D:1      | 51 ||| CASTING Summon Small Mammal
   228 | D:1      | 228 ||| Wielding weapon +0 short sword.
   257 | D:1      | 257 ||| CASTING Summon Small Mammal
   258 | D:1      | 258 ||| CASTING Summon Small Mammal
   422 | D:1      | 422 ||| CASTING Summon Small Mammal
   423 | D:1      | 423 ||| CASTING Summon Small Mammal
   429 | D:1      | Reached skill level 1 in Axes
   518 | D:1      | 518 ||| CASTING Summon Small Mammal
   519 | D:1      | 519 ||| CASTING Summon Small Mammal
   546 | D:1      | 546 ||| CASTING Summon Small Mammal
   547 | D:1      | 547 ||| CASTING Summon Small Mammal
   558 | D:1      | 558 ||| CASTING Summon Small Mammal
   569 | D:1      | 569 ||| CASTING Summon Small Mammal
   571 | D:1      | Reached XP level 2. HP: 13/22 MP: 0/3
   688 | D:1      | 688 ||| CASTING Summon Small Mammal
   689 | D:1      | 689 ||| CASTING Summon Small Mammal
   690 | D:1      | 690 ||| CASTING Summon Small Mammal
   727 | D:1      | 727 ||| SWAPPING to +1 whip of venom.
   728 | D:1      | 728 ||| DROPPING +0 short sword.
   738 | D:1      | 738 ||| CASTING Summon Small Mammal
   739 | D:1      | 739 ||| CASTING Summon Small Mammal
   740 | D:1      | 740 ||| CASTING Summon Small Mammal
   750 | D:1      | 750 ||| CASTING Summon Small Mammal
   754 | D:1      | Reached skill level 1 in Fighting
   815 | D:1      | 815 ||| CASTING Summon Small Mammal
   816 | D:1      | 816 ||| CASTING Summon Small Mammal
   817 | D:1      | 817 ||| CASTING Summon Small Mammal
   865 | D:1      | 865 ||| CASTING Summon Small Mammal
   866 | D:1      | 866 ||| CASTING Summon Small Mammal
   867 | D:1      | 867 ||| CASTING Summon Small Mammal
   907 | D:1      | 907 ||| CASTING Summon Small Mammal
   908 | D:1      | 908 ||| CASTING Summon Small Mammal
   909 | D:1      | 909 ||| CASTING Summon Small Mammal
   964 | D:1      | 964 ||| CASTING Summon Small Mammal
   965 | D:1      | 965 ||| CASTING Summon Small Mammal
   966 | D:1      | 966 ||| CASTING Summon Small Mammal
  1044 | D:1      | 1044 ||| CASTING Summon Small Mammal
  1045 | D:1      | 1045 ||| CASTING Summon Small Mammal
  1046 | D:1      | 1046 ||| CASTING Summon Small Mammal
  1082 | D:1      | 1082 ||| CASTING Summon Small Mammal
  1083 | D:1      | 1083 ||| CASTING Summon Small Mammal
  1084 | D:1      | 1084 ||| CASTING Summon Small Mammal
  1144 | D:1      | Found Ysenisk's Distillery.
  1145 | D:1      | 1145 ||| CASTING Summon Small Mammal
  1146 | D:1      | 1146 ||| CASTING Summon Small Mammal
  1147 | D:1      | 1147 ||| CASTING Summon Small Mammal
  1183 | D:1      | 1183 ||| CASTING Summon Small Mammal
  1184 | D:1      | 1184 ||| CASTING Summon Small Mammal
  1187 | D:1      | 1187 ||| CASTING Summon Small Mammal
  1224 | D:1      | 1224 ||| SHOPLISTING potion of cancellation (80 gold, have
                  | 20).
  1224 | D:1      | 1224 ||| SHOPLISTING potion of curing (30 gold, have 20).
  1224 | D:1      | 1224 ||| SHOPLISTING potion of heal wounds (50 gold, have
                  | 20).
  1224 | D:1      | 1224 ||| SHOPLISTING potion of might (40 gold, have 20).
  1267 | D:1      | 1267 ||| CASTING Summon Small Mammal
  1268 | D:1      | 1268 ||| CASTING Summon Small Mammal
  1269 | D:1      | 1269 ||| CASTING Summon Small Mammal
  1418 | D:1      | 1418 ||| CASTING Summon Small Mammal
  1419 | D:1      | 1419 ||| CASTING Summon Small Mammal
  1420 | D:1      | 1420 ||| CASTING Summon Small Mammal
  1555 | D:1      | 1555 ||| CASTING Summon Small Mammal
  1556 | D:1      | 1556 ||| CASTING Summon Small Mammal
  1557 | D:1      | 1557 ||| CASTING Summon Small Mammal
  1667 | D:1      | 1667 ||| UPGRADING to +0 ring mail.
  1677 | D:1      | 1677 ||| DROPPING +0 robe.
  1678 | D:1      | 1678 ||| READING scroll labelled KOTELA JOKHAPS.
  1679 | D:1      | 1679 ||| READING scroll labelled CUC ZEGUAKHOXE.
  1680 | D:1      | 1680 ||| READING scroll labelled AVOUHEZUDA.
  1681 | D:1      | 1681 ||| READING scroll labelled KYLESY SUREJATURUA.
  1684 | D:1      | 1684 ||| DROPPING potion of magic.
  1696 | D:2      | 1696 ||| STAIRDANCE
  1698 | D:1      | 1698 ||| CASTING Summon Small Mammal
  1699 | D:1      | 1699 ||| CASTING Summon Small Mammal
  1700 | D:1      | 1700 ||| CASTING Summon Small Mammal
  1737 | D:2      | 1737 ||| STAIRDANCE
  1739 | D:1      | 1739 ||| CASTING Summon Small Mammal
  1740 | D:1      | 1740 ||| CASTING Summon Small Mammal
  1741 | D:1      | 1741 ||| CASTING Summon Small Mammal
  1779 | D:2      | 1779 ||| CASTING Summon Small Mammal
  1780 | D:2      | 1780 ||| CASTING Summon Small Mammal
  1781 | D:2      | 1781 ||| CASTING Summon Small Mammal
  1783 | D:2      | Reached XP level 3. HP: 28/28 MP: 0/4
  1783 | D:2      | 1783 ||| STAIRDANCE
  1835 | D:2      | 1835 ||| CASTING Summon Small Mammal
  1836 | D:2      | 1836 ||| CASTING Summon Small Mammal
  1837 | D:2      | 1837 ||| CASTING Summon Small Mammal
  1838 | D:2      | 1838 ||| CASTING Summon Small Mammal
  1857 | D:2      | 1857 ||| CASTING Summon Small Mammal
  1858 | D:2      | 1858 ||| CASTING Summon Small Mammal
  1868 | D:2      | 1868 ||| CASTING Summon Small Mammal
  1915 | D:2      | 1915 ||| CASTING Summon Small Mammal
  1916 | D:2      | 1916 ||| CASTING Summon Small Mammal
  1917 | D:2      | 1917 ||| CASTING Summon Small Mammal
  1918 | D:2      | 1918 ||| CASTING Summon Small Mammal
  1947 | D:2      | 1947 ||| Stepping ~*~*~tactically~*~*~ (stealth).
  1955 | D:2      | 1955 ||| Stepping ~*~*~tactically~*~*~ (stealth).
  1960 | D:2      | 1960 ||| Stepping ~*~*~tactically~*~*~ (stealth).
  1961 | D:2      | 1961 ||| Stepping ~*~*~tactically~*~*~ (stealth).
  1962 | D:2      | 1962 ||| CASTING Summon Small Mammal
  1963 | D:2      | 1963 ||| CASTING Summon Small Mammal
  1964 | D:2      | 1964 ||| CASTING Summon Small Mammal
  1965 | D:2      | 1965 ||| CASTING Summon Small Mammal
  2011 | D:2      | 2011 ||| CASTING Summon Small Mammal
  2012 | D:2      | 2012 ||| CASTING Summon Small Mammal
  2013 | D:2      | 2013 ||| CASTING Summon Small Mammal
  2014 | D:2      | 2014 ||| CASTING Summon Small Mammal
  2021 | D:2      | 2021 ||| CASTING Summon Small Mammal
  2126 | D:2      | 2126 ||| Stepping ~*~*~tactically~*~*~ (stealth).
  2127 | D:2      | 2127 ||| Stepping ~*~*~tactically~*~*~ (stealth).
  2128 | D:2      | 2128 ||| CASTING Summon Small Mammal
  2129 | D:2      | 2129 ||| CASTING Summon Small Mammal
  2130 | D:2      | 2130 ||| CASTING Summon Small Mammal
  2131 | D:2      | 2131 ||| CASTING Summon Small Mammal
  2261 | D:2      | 2261 ||| CASTING Summon Small Mammal
  2262 | D:2      | 2262 ||| CASTING Summon Small Mammal
  2264 | D:2      | 2264 ||| CASTING Summon Small Mammal
  2265 | D:2      | 2265 ||| CASTING Summon Small Mammal
  2272 | D:2      | 2272 ||| CASTING Summon Small Mammal
  2355 | D:2      | 2355 ||| CASTING Summon Small Mammal
  2356 | D:2      | 2356 ||| CASTING Summon Small Mammal
  2357 | D:2      | 2357 ||| CASTING Summon Small Mammal
  2358 | D:2      | 2358 ||| CASTING Summon Small Mammal
  2401 | D:2      | 2401 ||| CASTING Summon Small Mammal
  2402 | D:2      | 2402 ||| CASTING Summon Small Mammal
  2403 | D:2      | 2403 ||| CASTING Summon Small Mammal
  2404 | D:2      | 2404 ||| CASTING Summon Small Mammal
  2412 | D:2      | 2412 ||| CASTING Summon Small Mammal
  2419 | D:2      | Reached XP level 4. HP: 23/36 MP: 0/5
  2641 | D:2      | 2641 ||| CASTING Summon Small Mammal
  2642 | D:2      | 2642 ||| CASTING Summon Small Mammal
  2643 | D:2      | 2643 ||| CASTING Summon Small Mammal
  2644 | D:2      | 2644 ||| CASTING Summon Small Mammal
  2645 | D:2      | 2645 ||| CASTING Summon Small Mammal
  2734 | D:2      | 2734 ||| CASTING Summon Small Mammal
  2735 | D:2      | 2735 ||| CASTING Summon Small Mammal
  2736 | D:2      | 2736 ||| CASTING Summon Small Mammal
  2767 | D:2      | Found a shimmering altar of Xom.
  2897 | D:2      | 2897 ||| DROPPING +6 ring of intelligence.
  2898 | D:2      | 2898 ||| READING scroll labelled YMUWNOYTRE.
  2899 | D:2      | 2899 ||| READING scroll labelled ESCHIO BATZUCS.
  2900 | D:2      | 2900 ||| READING 2 scrolls labelled RUEQOR XAFUUGI.
  2901 | D:2      | 2901 ||| DRINKING 2 bubbling inky potions.
  2902 | D:2      | 2902 ||| DROPPING potion of brilliance.
  2903 | D:2      | 2903 ||| DROPPING scroll of fear.
  2922 | D:3      | 2922 ||| CASTING Summon Small Mammal
  2923 | D:3      | 2923 ||| CASTING Summon Small Mammal
  2924 | D:3      | 2924 ||| CASTING Summon Small Mammal
  2925 | D:3      | 2925 ||| CASTING Summon Small Mammal
  2926 | D:3      | 2926 ||| CASTING Summon Small Mammal
  2927 | D:3      | 2927 ||| STAIRDANCE
  3045 | D:3      | 3045 ||| CASTING Summon Small Mammal
  3046 | D:3      | 3046 ||| CASTING Summon Small Mammal
  3047 | D:3      | 3047 ||| CASTING Summon Small Mammal
  3048 | D:3      | 3048 ||| CASTING Summon Small Mammal
  3049 | D:3      | 3049 ||| CASTING Summon Small Mammal
  3121 | D:3      | 3121 ||| CASTING Summon Small Mammal
  3122 | D:3      | 3122 ||| CASTING Summon Small Mammal
  3123 | D:3      | 3123 ||| CASTING Summon Small Mammal
  3124 | D:3      | 3124 ||| CASTING Summon Small Mammal
  3125 | D:3      | 3125 ||| CASTING Summon Small Mammal
  3132 | D:3      | 3132 ||| CASTING Summon Small Mammal
  3195 | D:3      | 3195 ||| CASTING Summon Small Mammal
  3196 | D:3      | 3196 ||| CASTING Summon Small Mammal
  3197 | D:3      | 3197 ||| CASTING Summon Small Mammal
  3198 | D:3      | 3198 ||| CASTING Summon Small Mammal
  3199 | D:3      | 3199 ||| CASTING Summon Small Mammal
  3203 | D:3      | 3203 ||| Stepping ~*~*~tactically~*~*~ (outnumbered).
  3204 | D:3      | 3204 ||| Stepping ~*~*~tactically~*~*~ (outnumbered).
  3205 | D:3      | 3205 ||| Stepping ~*~*~tactically~*~*~ (outnumbered).
  3206 | D:3      | 3206 ||| Stepping ~*~*~tactically~*~*~ (outnumbered).
  3207 | D:3      | 3207 ||| Stepping ~*~*~tactically~*~*~ (outnumbered).
  3208 | D:3      | 3208 ||| Stepping ~*~*~tactically~*~*~ (outnumbered).
  3209 | D:3      | 3209 ||| Stepping ~*~*~tactically~*~*~ (outnumbered).
  3210 | D:3      | 3210 ||| Stepping ~*~*~tactically~*~*~ (outnumbered).
  3211 | D:3      | 3211 ||| Stepping ~*~*~tactically~*~*~ (outnumbered).
  3212 | D:3      | 3212 ||| Stepping ~*~*~tactically~*~*~ (outnumbered).
  3213 | D:3      | 3213 ||| Stepping ~*~*~tactically~*~*~ (outnumbered).
  3214 | D:3      | 3214 ||| Stepping ~*~*~tactically~*~*~ (outnumbered).
  3215 | D:3      | 3215 ||| CASTING Summon Small Mammal
  3217 | D:3      | 3217 ||| CASTING Summon Small Mammal
  3219 | D:3      | Reached skill level 3 in Axes
  3228 | D:3      | 3228 ||| CASTING Summon Small Mammal
  3389 | D:3      | Noticed Robin
  3390 | D:3      | 3390 ||| CASTING Summon Small Mammal
  3391 | D:3      | 3391 ||| CASTING Summon Small Mammal
  3392 | D:3      | 3392 ||| CASTING Summon Small Mammal
  3393 | D:3      | 3393 ||| CASTING Summon Small Mammal
  3394 | D:3      | 3394 ||| CASTING Summon Small Mammal
  3401 | D:3      | 3401 ||| CASTING Summon Small Mammal
  3401 | D:3      | HP: 9/36 [hobgoblin[Robin] (2)]
  3402 | D:3      | 3402 ||| READING scroll of teleportation.
  3403 | D:3      | HP: 3/36 [Robin/+0 falchion (3)]
  3404 | D:3      | Noticed Terence
  3411 | D:3      | Killed Terence
  3412 | D:3      | Reached XP level 5. HP: 9/41 MP: 1/6
  3412 | D:3      | 3412 ||| CASTING Summon Small Mammal
  3420 | D:3      | HP: 6/41 [hobgoblin[Robin] (3)]
  3431 | D:3      | Killed from afar by Robin

Levels and vault maps discovered:
D:1:      minmay_arrival_stone_box, layout_loops_cross, serial_shops,
          nicolae_diamond_shop, minmay_misc_feat_pillars
D:2:      layout_rooms, basic_altar, grunt_ministairs_13,
          hangedman_decor_riveting
D:3:      layout_basic, uniq_terence, uniq_robin

Skill      XL: |  1  2  3  4 |
---------------+-------------+-----
Axes           | 1 2 3 |  3.5
Fighting       | 1 2 |  2.0
Dodging        | |  1.7
Stealth        | |  2.1
Spellcasting   | |  1.7
Summonings     | |  3.6

Action                   |  1- 3 |  4- 6 || total
-------------------------+-------+-------++-------
Melee: Short sword       |    29 |       ||    29
       Unarmed           |     4 |       ||     4
       Whip              |    64 |    46 ||   110
 Cast: Summon Small Mamm |    92 |    32 ||   124
  Use: Scroll            |     4 |     4 ||     8
       Potion            |       |     1 ||     1
Armor: Robe              |    12 |       ||    12
       Ring mail         |    28 |    31 ||    59
Dodge: Dodged            |    66 |    42 ||   108

Table legend:
 A = Non-vault XP
 B = Vault XP
 C = Vault XP percentage of total XP
 D = Non-vault monster count
 E = Vault monster count
 F = Vault count percentage of total count
                 A         B        C        D         E       F
            +---------+---------+-------+---------+---------+-------
      Total |     110 |      61 |  35.7 |      37 |      14 |  27.5
            +---------+---------+-------+---------+---------+-------
        D:1 |      30 |       3 |   9.1 |      20 |       2 |   9.1
        D:2 |      58 |       0 |   0.0 |      13 |       0 |   0.0
        D:3 |      22 |      58 |  72.5 |       4 |      12 |  75.0
            +---------+---------+-------+---------+---------+-------
